General information
- name: BNet
- type: Ladder 1vs1/FFA
- host: Battle.net
- saver: Bullcalf
map: SecretValley
- players: 2
- length: 34:09
- speed: Fast
- version: 1.26 W3XP
- replay type: Public
» download(83 KB)
Players
team 1 (loser)
Dexter (
orange | 32 APM | 1100 actions | 34:08)
4 Dark Ranger
2 Black Arrow
2 Life Drain
1 Dreadlord
1 Vampiric Aura
» actions
| Assign group hotkey | 18 | |
| Build / train | 88 | |
| Enter build submenu | 28 | |
| Enter hero's abilities submenu | 5 | |
| Right click | 382 | |
| Select / deselect | 311 | |
| Select group hotkey | 231 | |
| Use ability | 36 | |
1100 total
» units
| Ghoul | 6 | |
| Acolyte | 18 | |
| Crypt Fiend | 6 | |
| Frost Wyrm | 11 | |
| Necromancer | 9 | |
| Meatwagon | 4 | |
54 total
» upgrades
| Creature Attack | 3 | |
| Creature Carapace | 4 | |
| Web | 1 | |
| Freezing Breath | 1 | |
| Unholy Strength | 1 | |
| Unholy Armor | 2 | |
| Necromancer Training | 2 | |
| Skeletal Longevity | 1 | |
| Skeletal Mastery | 1 | |
| Exhume Corpses | 1 | |
| Disease Cloud | 1 | |
18 total
» buildings
| Ziggurat | 10 | |
| Altar of Darkness | 1 | |
| Crypt | 2 | |
| Tomb of Relics | 1 | |
| Nerubian Tower | 1 | |
| Graveyard | 1 | |
| Halls of the Dead | 1 | |
| Spirit Tower | 4 | |
| Black Citadel | 1 | |
| Sacrificial Pit | 1 | |
| Boneyard | 1 | |
| Slaughterhouse | 1 | |
| Temple of the Damned | 1 | |
26 total
» build order
01:01 Ziggurat
01:06 Altar of Darkness
01:17 Crypt
01:54 Crypt
03:26 Tomb of Relics
04:15 Ziggurat
04:25 Nerubian Tower
05:59 Ziggurat
06:10 Ziggurat
07:16 Ziggurat
07:56 Graveyard
08:00 Halls of the Dead
08:05 Ziggurat
08:12 Ziggurat
08:27 Ziggurat
08:32 Ziggurat
09:21 Spirit Tower
09:25 Spirit Tower
09:26 Spirit Tower
10:22 Black Citadel
10:31 Sacrificial Pit
12:55 Boneyard
14:54 Ziggurat
18:24 Spirit Tower
22:59 Slaughterhouse
23:40 Temple of the Damned
» items
| Dust of Appearance | 1 | |
| Rod of Necromancy | 1 | |
2 total
team 2 (winner)
Bullcalf (
green | 65 APM | 2226 actions | 34:09)
8 Tauren Chieftain
3 Shockwave
2 War Stomp
2 Endurance Aura
1 Reincarnation
» actions
| Assign group hotkey | 224 | |
| Basic commands | 39 | |
| Build / train | 119 | |
| Enter build submenu | 102 | |
| Enter hero's abilities submenu | 8 | |
| Give item / drop item | 19 | |
| Remove unit from queue | 1 | |
| Right click | 879 | |
| Select / deselect | 442 | |
| Select group hotkey | 146 | |
| Use ability | 245 | |
2226 total
» units
| Peon | 21 | |
| Grunt | 7 | |
| Troll Witch Doctor | 4 | |
| Troll Batrider | 4 | |
36 total
» upgrades
| Spiked Barricades | 3 | |
| Troll Regeneration | 1 | |
| Witch Doctor Training | 2 | |
| Reinforced Defenses | 1 | |
| Burning Oil | 1 | |
| Armor | 2 | |
| Melee Weapons | 1 | |
| Ranged Weapons | 1 | |
| Pillage | 1 | |
13 total
» buildings
| Orc Burrow | 4 | |
| Altar of Storms | 1 | |
| Barracks | 1 | |
| Voodoo Lounge | 5 | |
| War Mill | 2 | |
| Watch Tower | 81 | |
| Stronghold | 1 | |
| Great Hall | 4 | |
| Spirit Lodge | 1 | |
| Fortress | 1 | |
| Beastiary | 4 | |
105 total
» build order
00:11 Orc Burrow
00:35 Altar of Storms
00:51 Barracks
01:19 Orc Burrow
02:01 Voodoo Lounge
02:06 War Mill
03:19 Watch Tower
04:00 Stronghold
04:17 Watch Tower
04:36 Watch Tower
05:43 Orc Burrow
05:45 Orc Burrow
06:11 Watch Tower
06:11 Watch Tower
06:11 Watch Tower
06:12 Watch Tower
06:12 Watch Tower
06:56 Great Hall
08:19 Watch Tower
08:20 Watch Tower
08:37 Spirit Lodge
09:03 Watch Tower
09:03 Watch Tower
09:26 Watch Tower
11:18 Fortress
12:43 Watch Tower
12:46 Watch Tower
12:46 Watch Tower
12:47 Watch Tower
12:49 Watch Tower
14:59 War Mill
15:27 Watch Tower
15:27 Watch Tower
15:29 Watch Tower
15:32 Watch Tower
18:47 Beastiary
18:49 Voodoo Lounge
18:50 Voodoo Lounge
20:46 Beastiary
20:46 Beastiary
20:47 Beastiary
21:09 Watch Tower
21:09 Watch Tower
21:10 Watch Tower
21:10 Watch Tower
21:10 Watch Tower
21:12 Watch Tower
21:13 Watch Tower
21:15 Watch Tower
21:16 Watch Tower
22:40 Voodoo Lounge
22:47 Watch Tower
22:47 Watch Tower
22:47 Watch Tower
22:48 Watch Tower
22:50 Watch Tower
22:50 Watch Tower
22:50 Watch Tower
22:51 Watch Tower
23:46 Great Hall
23:50 Watch Tower
23:50 Watch Tower
23:51 Watch Tower
23:56 Watch Tower
25:20 Great Hall
25:22 Watch Tower
25:23 Watch Tower
25:23 Watch Tower
25:23 Watch Tower
25:26 Watch Tower
25:27 Watch Tower
27:21 Watch Tower
27:22 Watch Tower
27:23 Watch Tower
30:44 Watch Tower
30:45 Watch Tower
30:45 Watch Tower
30:45 Watch Tower
30:47 Watch Tower
30:47 Watch Tower
30:50 Watch Tower
30:50 Watch Tower
30:51 Watch Tower
30:52 Watch Tower
30:53 Watch Tower
30:54 Watch Tower
30:55 Watch Tower
30:57 Watch Tower
30:59 Watch Tower
31:07 Watch Tower
31:08 Watch Tower
31:10 Watch Tower
31:16 Watch Tower
31:17 Watch Tower
31:26 Great Hall
31:29 Watch Tower
31:29 Watch Tower
31:30 Watch Tower
31:30 Watch Tower
32:09 Watch Tower
32:10 Watch Tower
32:13 Watch Tower
32:32 Voodoo Lounge
32:39 Watch Tower
32:40 Watch Tower
» items
| Healing Salve | 6 | |
| Lesser Clarity Potion | 8 | |
| Periapt of Vitality | 3 | |
| Boots of Speed | 1 | |
| Potion of Healing | 8 | |
| Potion of Mana | 11 | |
| Potion of Invisibility | 7 | |
| Scroll of Town Portal | 5 | |
| Scroll of Healing | 1 | |
| Orb of Lightning | 1 | |
| Tome of Retraining | 1 | |
| Staff of Teleportation | 1 | |
53 total
Chat log
(02:32 / All) Bullcalf: Hail stranger
(26:28 / All) Dexter: cheap tactic
(26:32 / All) Bullcalf: lol
(26:36 / All) Bullcalf: fiend bot wyrm bot
(31:45 / All) Dexter: how you build so fast
(32:23 / All) Bullcalf: lol
(32:25 / All) Bullcalf: nice rally point
(33:09 / All) Bullcalf: AHHHH
(33:12 / All) Bullcalf: CRUEL WORLD
(33:57 / All) Dexter: noob tactic
(34:06 / All) Bullcalf: lol